 Dungeon Crawl Stone Soup version 0.29-a0-352-g0917bc69df (webtiles) character file.

Game seed: 18201022318196899105

287 Dauddaud the Cleaver (level 6, -6/51 HPs)
             Began as a Minotaur Berserker on Apr 23, 2022.
             Was a Priest of Trog.
             Mangled by a mummy (14 damage)
             ... in an ossuary.
             The game lasted 00:05:11 (3846 turns).

Dauddaud the Cleaver (Minotaur Berserker)           Turns: 3846, Time: 00:05:11

Health: -6/51      AC:  8    Str: 23    XL:     6   Next: 8%
Magic:  5/5        EV:  8    Int:  4    God:    Trog [***...]
Gold:   173        SH:  0    Dex: 10    Spells: 5/5 levels left

rFire   . . .      SeeInvis .   a - +0 hand axe
rCold   + . .      Faith    .   (no shield)
rNeg    . . .      Spirit   .   n - +0 chain mail
rPois   .          Reflect  .   (helmet restricted)
rElec   .          Harm     .   (no cloak)
rCorr   .          Rampage  .   (no gloves)
Will    .....                   (no boots)
Stlth   ..........              (no amulet)
HPRegen 0.17/turn               g - ring of protection from cold
MPRegen 0.09/turn               (no ring)

@: no status effects
A: horns 2, retaliatory headbutt
a: Renounce Religion, Berserk, Trog's Hand


You were in an ossuary.
You worshipped Trog.
Trog was most pleased with you.
You visited 1 branch of the dungeon, and saw 4 of its levels.
You also visited: Ossuary.

You collected 173 gold pieces.

Inventory:

Hand Weapons
 a - a +0 hand axe (weapon)
Armour
 b - a +0 animal skin
 h - a +0 scale mail
 n - a +0 chain mail (worn)
 q - a scarf of invisibility
Jewellery
 g - a ring of protection from cold (left hand)
Scrolls
 f - 2 scrolls of teleportation
 o - a scroll of fear
 p - a scroll of fog
 r - a scroll of noise
Potions
 c - a potion of heal wounds
 d - a potion of flight {unknown}
 e - a potion of haste {unknown}
 i - 2 potions of attraction {unknown}
 j - a potion of lignification {unknown}
 k - a potion of brilliance {unknown}
 l - 2 potions of mutation {unknown}
 m - a potion of resistance {unknown}
 s - a potion of curing {unknown}


   Skills:
 - Level 3.6 Fighting
 + Level 8.3 Axes
 - Level 2.4 Armour
 - Level 2.1 Dodging


You had 5 spell levels left.
You didn't know any spells.
Your spell library was empty.

Dungeon Overview and Level Annotations

Branches:
Dungeon (4/15)            Ossuary (1/1)
 Temple: D:4-7

Altars:
Ashenzari
Trog
Wu Jian


Innate Abilities, Weirdness & Mutations

You have a pair of horns on your head.
You reflexively headbutt those who attack you in melee.


Message History

No target in view!
There is an open door here.
As you open the door, it creaks loudly!
There is an open door here.
You open the door. 5 mummies come into view.
Found twelve items.
Found a gate leading back out of this place.
You slash the mummy! You headbutt the mummy!
The mummy is almost destroyed.
You slash the mummy!
You destroy the mummy!
Trog accepts your kill.
You have reached level 6!
You hit the mummy.
The mummy is moderately damaged.
You slash the mummy! Your headbutt misses the mummy.
The mummy is severely damaged.
The mummy hits you.
You slash the mummy!
You destroy the mummy!
Trog accepts your kill.
You closely miss the mummy. You hit the mummy but do no damage.
You headbutt the mummy!
The mummy is moderately damaged.
Found 3 scrolls of identify and a silvery potion.
The mummy barely misses you. The mummy hits you but does no damage.
There is an open door here.
You slash the mummy!
The mummy is heavily damaged.
You hit the mummy. x2; The mummy hits you! x2
You slash the mummy!
The mummy is almost destroyed.
You barely miss the mummy. x2; The mummy hits you but does no damage.
You hit the mummy.
The mummy is almost destroyed.
You hit the mummy. You barely miss the mummy. The mummy hits you!
* * * LOW HITPOINT WARNING * * *
The mummy hits you!
You die...

#. #..# #. #..# #######
######. #..# .......
#....## #..+ .......
#....#. #..# ...???.
#....'. #..# ..!?$!!
#....#. #..########M.!$∩$?
####### #..'.'....@M.!/$??
#....#. #..#.#...M#...?!!.
#....#. #..#.#....#.......
#....'. #..###....#.......
#....##
#..'.#####################.
#..#.#....#....#....#....#.
#..#.#....#....#....#....#.
#..###....#....#....#....##
#..'.#....#....#....#....#.


You could see 3 mummies.

Vanquished Creatures
  2 centaur zombies (Ossuary)
  A jelly (D:3)
  Terence (D:3)
  An ogre zombie (Ossuary)
  3 mummies (Ossuary)
  4 adders
  2 adder zombies (Ossuary)
  A worm (D:3)
  2 dart slugs
  2 orcs (D:3)
  3 bats
  5 endoplasms
  4 giant cockroaches
  A gnoll zombie (Ossuary)
  4 goblins
  5 hobgoblins
  2 quokkas
  5 ball pythons
  6 frilled lizards
  2 goblin zombies (Ossuary)
  7 kobolds
  2 kobold zombies (Ossuary)
  5 quokka zombies (Ossuary)
  4 rats
  A rat zombie (Ossuary)
75 creatures vanquished.

Notes
Turn   | Place    | Note
-------+----------+-------------------------------------------
     0 | D:1      | Dauddaud the Minotaur Berserker began the quest for the
                  | Orb.
     0 | D:1      | Reached XP level 1. HP: 19/19 MP: 0/0
   599 | D:1      | Reached skill level 4 in Axes
   708 | D:1      | Reached XP level 2. HP: 19/26 MP: 1/1
  1155 | D:1      | Found a faded altar of an unknown god.
  1449 | D:2      | Reached ** piety under Trog
  1512 | D:2      | Found a broken altar of Ashenzari.
  1515 | D:2      | Reached skill level 5 in Axes
  1588 | D:2      | Reached XP level 3. HP: 30/31 MP: 2/2
  2284 | D:3      | Reached skill level 6 in Axes
  2284 | D:3      | Reached XP level 4. HP: 23/39 MP: 3/3
  2671 | D:3      | Identified the +10 dagger "Wogod" {vorpal, Will+ Str+3}
  2694 | D:3      | Noticed Terence
  2713 | D:3      | Killed Terence
  2714 | D:3      | Reached skill level 7 in Axes
  2714 | D:3      | Reached XP level 5. HP: 38/43 MP: 4/4
  2996 | D:3      | Found a large runed translucent door.
  2997 | D:3      | Found a large runed translucent door.
  3118 | D:3      | Found an ornate altar of the Wu Jian Council.
  3128 | D:3      | Found a bloodstained altar of Trog.
  3232 | D:4      | Found a sand-covered staircase.
  3237 | Ossuary  | Entered an ossuary
  3714 | Ossuary  | Reached skill level 8 in Axes
  3802 | Ossuary  | Reached *** piety under Trog
  3837 | Ossuary  | Reached XP level 6. HP: 51/51 MP: 5/5
  3846 | Ossuary  | Mangled by a mummy

Illustrated notes

Levels and vault maps discovered:
D:1:      tarquinn_simple_flora_water_a, layout_rooms,
          hellmonk_ecumenical_altar_inner_sanctum, corexii_leaking_fountain,
          minmay_tree_intersection, minivault_26, nicolae_figureground_pulse
D:2:      layout_basic, basic_altar, minmay_misc_feat_diagonals
D:3:      layout_rooms, jmf_multi_god_temple2, uniq_terence
D:4:      layout_basic, mainiacjoe_overflow_small_starburst, enter_ossuary_2,
          chequers_jeans
Ossuary:  ossuary_boxes_badplayer

Skill      XL: |  1  2  3  4  5 |
---------------+----------------+-----
Axes           | 4 5 6 7 8 |  8.3
Fighting       | |  3.6
Armour         | |  2.4
Dodging        | |  2.1

Action                   |  1- 3 |  4- 6 || total
-------------------------+-------+-------++-------
Melee: Hand axe          |    77 |   104 ||   181
       Headbutt          |     9 |    24 ||    33
Invok: Berserk           |       |     1 ||     1
  Use: Scroll            |       |     6 ||     6
Armor: Animal skin       |     7 |       ||     7
       Scale mail        |    14 |       ||    14
       Chain mail        |     2 |    37 ||    39
Dodge: Dodged            |    44 |    30 ||    74

Table legend: (Time is in decaauts)
 A = Elapsed time spent in this place.
 B = Non-inter-level travel time spent in this place.
 C = Inter-level travel time spent in this place.
 D = Time resting spent in this place.
 E = Time spent auto-exploring this place.
 F = Levels seen in this place.
 G = Mean time per level.
                   A        B        C        D        E       F      G
               +--------+--------+--------+--------+--------+-----+--------+
         Total |   3853 |   3707 |    146 |   1135 |   2067 |   5 |  770.6 |
       Dungeon |   3249 |   3103 |    146 |    832 |   1861 |   4 |  812.2 |
       Ossuary |    603 |    603 |      0 |    303 |    206 |   1 |  603.0 |
               +--------+--------+--------+--------+--------+-----+--------+

Top non-repeatable levels by time:
     D:1: 1437 daAuts
     D:3: 909 daAuts
     D:2: 841 daAuts
 Ossuary: 603 daAuts
     D:4: 61 daAuts
